 Dungeon Crawl Stone Soup version 0.20-a0-1074-g6a0a8e1 (webtiles) character file.

450 dvd the Magician (level 6, -5/33 HPs)
             Began as a Deep Elf Air Elementalist on Apr 29, 2017.
             Was an Initiate of Vehumet.
             Slain by an ogre
             ... wielding a +0 giant club
              (11 damage)
             ... on level 4 of the Dungeon.
             The game lasted 00:14:19 (3867 turns).

dvd the Magician (Deep Elf Air Elementalist)        Turns: 3867, Time: 00:14:20

Health: -5/33      AC:  9    Str:  5    XL:     6   Next: 74%
Magic:  16/16      EV:  0    Int: 17    God:    Vehumet [......]
Gold:   179        SH:  0    Dex: 15    Spells: 8/16 levels left

rFire    . . .     SeeInvis +   p - +1 trident (protect)
rCold    . . .     Gourm    .   (no shield)
rNeg     . . .     Faith    .   k - +0 chain mail "Uqeladgh" {MR+ Int-5 SInv}
rPois    .         Spirit   .   (no helmet)
rElec    .         Reflect  .   (no cloak)
rCorr    .         Harm     .   e - +0 pair of gloves
MR       +....     Rnd*Tele +   (no boots)
Stlth    ..........             (no amulet)
Regen    0.2/turn               l - ring of teleportation (curse)
MPRegen  0.2/turn               (no ring)

@: about to teleport
A: no striking features
a: Renounce Religion


You were on level 4 of the Dungeon.
You worshipped Vehumet.
Vehumet was noncommittal.
You were not hungry.

You visited 2 branches of the dungeon, and saw 5 of its levels.

You collected 179 gold pieces.

Inventory:

Hand Weapons
 n - a cursed -2 short sword
 p - a +1 trident of protection (weapon)
 y - a +2 whip of flaming
Armour
 a - a +0 robe
 e - a +0 pair of gloves (worn)
 k - the +0 chain mail "Uqeladgh" (worn) {MR+ Int-5 SInv}
   (You found it on level 4 of the Dungeon)

   It affects your intelligence (-5).
   It affects your resistance to hostile enchantments.
   It lets you see invisible.
 o - a +3 scale mail
 q - a +0 leather armour
Jewellery
 l - a cursed ring of teleportation (left hand)
Scrolls
 f - 2 scrolls of teleportation
 i - 2 scrolls of identify
Potions
 d - a potion of resistance
 h - 2 potions of haste
 j - a potion of cancellation {unknown}
 v - a potion of heal wounds
Books
 b - a book of Air

   Spells                             Type                      Level
   a - Shock                          Conjuration/Air              1
   b - Swiftness                      Charms/Air                   2
   c - Static Discharge               Conjuration/Air              3
   d - Airstrike                      Air                          4
   e - Lightning Bolt                 Conjuration/Air              5
 g - a book of Cantrips

   Spells                             Type                      Level
   a - Confusing Touch                Hexes                        1
   b - Animate Skeleton               Necromancy                   1
   c - Summon Small Mammal            Summoning                    1
   d - Apportation                    Translocation                1
Comestibles
 c - 4 bread rations
 t - 2 royal jellies
 u - 2 meat rations


   Skills:
 + Level 0.5 Fighting
 + Level 1.1 Polearms
 + Level 0.8 Armour
 + Level 2.8 Dodging
 + Level 3.3 Stealth
 + Level 5.6 Spellcasting
 + Level 3.1 Conjurations
 + Level 5.0 Air Magic


You had 8 spell levels left.
You knew the following spells:

 Your Spells              Type           Power        Failure   Level  Hunger
a - Shock                 Conj/Air       ###.         100%        1    None
b - Static Discharge      Conj/Air       ###.....     100%        3    ##.....
c - Airstrike             Air            ###.......   100%        4    ####...


Dungeon Overview and Level Annotations

Branches:
Dungeon (4/15)             Temple (1/1) D:4

Altars:
Ashenzari
Elyvilon
Fedhas
Gozag
Hepliaklqana
Makhleb
Okawaru
Qazlal
Ru
Sif Muna
Vehumet
Wu Jian
Xom
Yredelemnul
The Shining One

Annotations:
D:4 Agrougrou's ghost, amateur MiFi


Message History

The worker ant bites you.
As you read the scroll of fear, it crumbles to dust.
You assume a fearsome visage.
The ogre looks frightened!
The scorpion looks frightened!
The frilled lizard looks frightened!
The orc looks frightened!
The worker ant looks frightened!
Agrougrou's ghost is unaffected.
You feel sick.
You are no longer poisoned.
Unknown command.
Agrougrou's ghost says very slowly, "There's no hope."
You are suddenly yanked towards a nearby monster!
Your surroundings suddenly seem different.
An ogre comes into view. It is wielding a giant club.
The ogre shouts!
Found a stone staircase leading down.
Unknown command.
The ogre hits you with a giant club!
* * * LOW HITPOINT WARNING * * *
As you read the scroll of teleportation, it crumbles to dust.
You feel strangely unstable. The ogre hits you with a giant club!
You die...

.......... #..
#.......... #..
#..........######..
#....>.............
#......# #....#....
#......###.........
#..................
#..................
##.@................
#..O...........#....
#.....##............
#....## ...........#
#....#####.........#
#####............#.#
#...............
#...............
#...............


You could see an ogre.

Vanquished Creatures
  An ogre (D:4)
  3 orc priests (D:3)
  An orc wizard (D:3)
  A worker ant (D:4)
  4 gnolls (D:2)
  8 adders
  2 worms
  3 dart slugs
  A leopard gecko (D:2)
  9 orcs (D:3)
  6 bats
  7 giant cockroaches
  2 gnoll zombies (D:2)
  12 goblins
  14 hobgoblins
  9 jackals (D:3)
  3 quokkas
  2 ball pythons (D:3)
  3 frilled lizards
  3 kobolds
  7 rats
101 creatures vanquished.

Notes
Turn   | Place    | Note
-------+----------+-------------------------------------------
     0 | D:1      | dvd the Deep Elf Air Elementalist began the quest for the Orb.
     0 | D:1      | Reached XP level 1. HP: 10/10 MP: 6/6
   220 | D:1      | Reached XP level 2. HP: 15/15 MP: 6/8
  1014 | D:1      | Reached XP level 3. HP: 19/19 MP: 8/10
  1153 | D:1      | Learned a level 3 spell: Static Discharge
  1279 | D:2      | Reached XP level 4. HP: 24/24 MP: 3/11
  1501 | D:2      | Found a shattered altar of Ashenzari.
  2098 | D:2      | Learned a level 4 spell: Airstrike
  2129 | D:2      | Found a basalt altar of Yredelemnul.
  2194 | D:2      | Reached XP level 5. HP: 28/28 MP: 8/13
  2634 | D:3      | Reached skill level 5 in Spellcasting
  2634 | D:3      | Reached XP level 6. HP: 20/32 MP: 3/15
  3066 | D:3      | Found an iron altar of Okawaru.
  3365 | D:4      | Reached skill level 1 in Polearms
  3385 | D:4      | Reached skill level 5 in Air Magic
  3522 | D:4      | Noticed Agrougrou's ghost (amateur MiFi)
  3565 | D:4      | Found a staircase to the Ecumenical Temple.
  3572 | Temple   | Entered the Ecumenical Temple
  3659 | Temple   | Became a worshipper of Vehumet
  3748 | D:4      | Got a distressingly furry chain mail
  3759 | D:4      | Identified the +0 chain mail "Uqeladgh" {MR+ Int-5 SInv} (You found it on level 4 of the Dungeon)
  3867 | D:4      | Slain by an ogre

Vault maps used:
D:1:      dpeg_arrival_circle_labyrinth_c, minmay_cupped
D:2:      ashenzari_altar_1, lemuel_zombie_altar_yredelemnul, first_bread
D:3:      okawaru_gym_becter
D:4:      temple_green, serial_shops, kennysheep_mini_moat,
          uniq_crazy_yiuf_cottage
Temple:   hc_temple_tempest_star

Skill      XL: |  1  2  3  4  5  6 |
---------------+-------------------+-----
Air Magic      | 4 5 |  5.0
Conjurations   | 2 3 |  3.1
Spellcasting   | 4 5 |  5.6
Stealth        | 3 |  3.3
Polearms       | 1 |  1.1
Fighting       | |  0.5
Armour         | |  0.8
Dodging        | |  2.8

Action                   |  1- 3 |  4- 6 || total
-------------------------+-------+-------++-------
Melee: Trident           |       |    64 ||    64
 Cast: Shock             |    61 |   103 ||   164
       Static Discharge  |       |    10 ||    10
  Use: Scroll            |       |    11 ||    11
       Potion            |       |     7 ||     7
 Stab: Sleeping          |       |     4 ||     4
  Eat: Chunk             |     1 |     8 ||     9
Armor: Robe              |     2 |       ||     2
       Leather armour    |       |    26 ||    26
       Chain mail        |       |     6 ||     6
Dodge: Dodged            |     9 |    56 ||    65
